 Dungeon Crawl Stone Soup version 0.27-a0-1200-g94dc6ad (webtiles) character file.

Game seed: 6776675374470817572

58 Meow the Stinger (level 4, 36/36 HPs)
             Began as a Naga Venom Mage on June 1, 2021.
             Quit the game on level 2 of the Dungeon.
             The game lasted 00:06:55 (1906 turns).

Meow the Stinger (Naga Venom Mage)                  Turns: 1906, Time: 00:06:56

Health: 36/36      AC:  2    Str: 11    XL:     4   Next: 1%
Magic:  5/8        EV:  9    Int: 16    God:
Gold:   72         SH:  0    Dex: 11    Spells: 2/9 levels left

rFire    . . .     SeeInvis +   a - staff of air
rCold    . . .     Faith    .   (no shield)
rNeg     . . .     Spirit   .   d - +0 robe
rPois    +         Reflect  .   (no helmet)
rElec    +         Harm     .   (no cloak)
rCorr    .         Rampage  .   (no gloves)
Will     .....                  (no barding)
Stlth    ++........             (no amulet)
HPRegen  0.12/turn              (no ring)
MPRegen  0.11/turn              (no ring)

@: short of breath, very slow
A: AC +1, large, see invisible, deformed body, poison resistance, slowness 2,
spit poison 1, naga tail 1
a: Spit Poison


You were on level 2 of the Dungeon.
You visited 1 branch of the dungeon, and saw 2 of its levels.

You collected 72 gold pieces.

Inventory:

Hand Weapons
 j - a +0 dagger
 l - a +0 short sword
 q - a +0 hunting sling
Missiles
 c - 34 arrows
 m - 12 poisoned darts (quivered)
Armour
 d - a +0 robe (worn)
Magical Staves
 a - a staff of air (weapon)
Scrolls
 b - a scroll of blinking {unknown}
 e - a scroll of fear {unknown}
 f - a scroll of acquirement {unknown}
 g - a scroll of enchant weapon {unknown}
 h - a scroll of teleportation {unknown}
 i - a scroll of torment {unknown}
 o - a scroll of enchant armour {unknown}
 p - a scroll of identify {unknown}
Potions
 k - a potion of might {unknown}
 n - a potion of curing {unknown}


   Skills:
 - Level 1.5 Dodging
 - Level 3.0 Stealth
 + Level 3.1 Spellcasting
 + Level 2.3 Conjurations
 - Level 1.0 Transmutations
 - Level 4.0 Poison Magic


You had 2 spell levels left.
You knew the following spells:

 Your Spells              Type           Power      Damage    Failure   Level
a - Sting                 Tmut/Pois      40%        1d5       7%          1
c - Mephitic Cloud        Conj/Pois/Air  13%        N/A       24%         3
C - Ignite Poison         Fire/Tmut/Pois 7%         N/A       28%         3

Your spell library contained the following spells:

 Spells                   Type           Power      Damage    Failure   Level
 Poisonous Vapours        Pois/Air       26%        N/A       12%         2
 Olgreb's Toxic Radiance  Pois           15%        N/A       34%         4


Dungeon Overview and Level Annotations

Branches:
Dungeon (2/15)

Altars:


Innate Abilities, Weirdness & Mutations

Your serpentine skin is tough. (AC +1)
You have supernaturally acute eyesight. (SInv)
Armour fits poorly on your strangely shaped body.
Your system is resistant to poisons. (rPois)
You cover ground very slowly.
You can spit poison.
You have a snake-like lower body.


Message History

Aiming: Sting (safe; 7% risk of failure)
Press: ? - help, Shift-Dir - straight line, f/p - kobold
Aim: a kobold, wielding a +0 dagger and quivering poisoned darts (moderately wounded, very poisoned, 64% to hit)
The sting hits the kobold.
The kobold looks even sicker.
You kill the kobold!
Unknown command.
You have got your breath back.
m - 12 poisoned darts (gained 4)
Things that are here:
a +0 dagger; a kobold corpse A rat comes into view.
Press: ? - help, Shift-Dir - straight line, f - rat
Aim: a rat (asleep)
The splash of poison hits the rat!
The rat is poisoned.
You kill the rat!
You have got your breath back.
An endoplasm comes into view.
Press: ? - help, Shift-Dir - straight line, f - endoplasm
Aim: an endoplasm (asleep)
The splash of poison hits the endoplasm.
The endoplasm is moderately wounded.
The endoplasm quivers.
Casting: Sting (safe; 7% risk of failure)
Confirm with . or Enter, or press ? or * to list all spells.
Aiming: Sting (safe; 7% risk of failure)
Press: ? - help, Shift-Dir - straight line, f/p - endoplasm
Aim: an endoplasm (moderately wounded, 98% to hit)
The sting hits the endoplasm.
The endoplasm is poisoned.
The endoplasm is heavily wounded.
Casting: Sting (safe; 7% risk of failure)
Confirm with . or Enter, or press ? or * to list all spells.
Aiming: Sting (safe; 7% risk of failure)
Press: ? - help, Shift-Dir - straight line, f/p - endoplasm
Aim: an endoplasm (almost dead, poisoned, 98% to hit)
The sting hits the endoplasm.
The endoplasm partially resists.
The endoplasm looks even sicker.
You kill the endoplasm!
You have reached level 4!
You feel stronger.
Are you sure you want to abandon this character and quit the game? (Confirm with "yes".)

#.# #..##.# #.# #.#
#..##.# #.# #.#
#..##.# ##.## #.#
#..##.# ##...####.#
#..##.# .........#
#..##.# ...######
#..##.# #.# #..##.#
#@# #..##.# #.#
#..##.# ##.##
####..##.##
####.#.#####..........
#...###......>#.......
#.##.#.#####..##.##.##
#.####.###.##
#..##.#♣.♣ .......##.#
#......... #
####......###
#.#####♣.♣#


There were no monsters in sight!

Vanquished Creatures
  A dart slug (D:1)
  A worm (D:2)
  A ball python (D:2)
  2 endoplasms (D:2)
  3 giant cockroaches
  3 goblins
  5 hobgoblins (D:1)
  14 jackals
  A quokka (D:2)
  3 bats (D:1)
  5 frilled lizards (D:1)
  5 kobolds
  2 rats
46 creatures vanquished.

Notes
Turn   | Place    | Note
-------+----------+-------------------------------------------
     0 | D:1      | Meow the Naga Venom Mage began the quest for the Orb.
     0 | D:1      | Reached XP level 1. HP: 15/15 MP: 3/3
    36 | D:1      | Found a faded altar of an unknown god.
   240 | D:1      | Reached skill level 1 in Conjurations
   240 | D:1      | Reached XP level 2. HP: 22/22 MP: 1/5
   773 | D:1      | Reached XP level 3. HP: 17/28 MP: 2/6
   777 | D:1      | Learned a level 3 spell: Mephitic Cloud
   781 | D:1      | Learned a level 3 spell: Ignite Poison
  1906 | D:2      | Reached XP level 4. HP: 36/36 MP: 5/8
  1906 | D:2      | Quit the game

Illustrated notes

Levels and vault maps discovered:
D:1:      heliophobic_arrival_dark_side_of_the_moon, layout_basic,
          basic_ecumenical_altar
D:2:      layout_loops_ring, serial_forest, infiniplex_forest_zigzag_1,
          infiniplex_forest_lined_2, infiniplex_forest_end_2,
          infiniplex_forest_lined_2, infiniplex_forest_straight_5,
          infiniplex_forest_zigzag_2, infiniplex_forest_lined_3

Skill      XL: |  1  2  3 |
---------------+----------+-----
Conjurations   | 1 2 |  2.3
Spellcasting   | 3 |  3.1
Dodging        | |  1.5
Stealth        | |  3.0
Transmutations | |  1.0
Poison Magic   | |  4.0

Action                   |  1- 3 |  4- 6 || total
-------------------------+-------+-------++-------
Melee: Dagger            |     3 |       ||     3
       Staff             |     1 |       ||     1
Throw: Dart              |     1 |       ||     1
 Cast: Sting             |    35 |       ||    35
 Abil: Spit Poison       |    48 |       ||    48
Armor: Robe              |    17 |       ||    17
Dodge: Dodged            |    14 |       ||    14

Table legend: (Time is in decaauts)
 A = Elapsed time spent in this place.
 B = Non-inter-level travel time spent in this place.
 C = Inter-level travel time spent in this place.
 D = Time resting spent in this place.
 E = Time spent auto-exploring this place.
 F = Levels seen in this place.
 G = Mean time per level.
                   A        B        C        D        E       F      G
               +--------+--------+--------+--------+--------+-----+--------+
         Total |   2400 |   2357 |     43 |    504 |    910 |   2 | 1200.0 |
       Dungeon |   2400 |   2357 |     43 |    504 |    910 |   2 | 1200.0 |
               +--------+--------+--------+--------+--------+-----+--------+

Top non-repeatable levels by time:
     D:1: 1829 daAuts
     D:2: 570 daAuts
